Map: Protocole central

Players

Chuck

  • Race: Zerg Zerg
  • League: Platinum

Kimo - Winner!

  • Race: Zerg Zerg
  • League: Diamond

VOD

Have the link to the VOD?

Description

Z V Z lotv ( ravager, muta, infest, ultra ) EPIC game

Time

  • Played on: Nov. 29, 2015, 3:36 p.m.
  • Length: 23:53
Show
View Real Time Build Order
Export as new Build Order

Chuck Zerg 

Build Orders: Hatch First 

Get SALT Encoding   

  12  0:02  Drone  
  13  0:10  Drone  
  14  0:16  Overlord  
  14  0:24  Drone, Extractor  
  15  0:35  Drone x2  
  17  0:57  Hatchery, Drone  
  17  1:03  Drone  
  18  1:07  Extractor  
  17  1:18  Spawning Pool  
  16  1:27  Drone x2  
  16  1:31  Overlord  
  18  1:38  Extractor  
  17  2:05  Queen, Zergling x6  
  22  2:09  Queen  
  22  2:12  Drone  
  25  2:19  Drone  
  25  2:22  Metabolic Boost  
  26  2:30  Drone x2  
  26  2:33  Zergling x2  
  29  2:41  Drone  
  30  2:47  Zergling x2  
  30  2:50  Spine Crawler  
  30  2:52  Zergling x2  
  31  3:10  Zergling x8  
  30  3:15  Zergling x2  
  30  3:19  Zergling x4  
  33  3:22  Zergling x2  
  33  3:23  Baneling Nest  
  33  3:26  Zergling x2  
  33  3:27  Zergling x2  
  33  3:32  Zergling x2  
  32  3:39  Zergling x2  
  29  3:43  Zergling x2  
  30  3:51  Zergling x2  
  30  3:55  Zergling x2  
  29  4:03  Zergling x2  
  29  4:05  Zergling x2  
  29  4:06  Zergling x4  
  33  4:11  Baneling x2  
  33  4:21  Hatchery  
  32  4:27  Evolution Chamber  
  31  4:35  Overlord  
  31  4:43  Zergling x4  
  28  4:59  Drone x2  
  30  5:00  Zerg Melee Weapons Level 1  
  30  5:04  Queen  
  32  5:07  Baneling  
  32  5:12  Zergling x2  
  32  5:13  Baneling  
  32  5:14  Baneling  
  32  5:34  Zergling x6  
  32  5:35  Zergling x2  
  30  5:46  Zergling x4, Queen  
  34  5:55  Zergling x2  
  34  5:56  Drone  
  35  6:05  Lair  
  35  6:10  Zergling x2  
  36  6:17  Zergling x4  
  36  6:22  Drone x2  
  37  6:27  Zergling x2  
  37  6:29  Zergling x2  
  37  6:32  Drone  
  40  6:40  Drone  
  40  6:41  Drone x2  
  40  6:47  Drone  
  44  7:00  Zerg Ground Armor Level 1  
  44  7:01  Evolution Chamber, Drone  
  44  7:07  Infestation Pit  
  44  7:08  Drone  
  43  7:16  Overlord  
  43  7:18  Extractor  
  43  7:19  Drone  
  43  7:28  Overlord  
  43  7:35  Drone x2  
  43  7:36  Drone x3  
  48  7:37  Spine Crawler  
  47  7:44  Hive  
  47  7:52  Zergling x6  
  47  7:53  Drone  
  51  8:01  Drone, Extractor  
  51  8:03  Overlord  
  51  8:12  Baneling x3  
  51  8:23  Overlord  
  51  8:31  Zergling x2  
  48  8:35  Zergling x10  
  51  8:44  Drone x4  
  53  8:52  Zergling x8  
  53  8:53  Hatchery  
  56  8:58  Adrenal Glands  
  56  9:01  Drone  
  57  9:04  Drone  
  57  9:08  Drone x2  
  60  9:12  Zerg Melee Weapons Level 2  
  55  9:24  Drone x4  
  55  9:28  Extractor  
  58  9:31  Zergling x2  
  58  9:35  Zerg Ground Armor Level 2  
  59  9:42  Zergling x2  
  59  9:43  Overlord  
  60  9:49  Spine Crawler  
  60  9:51  Zergling x2  
  60  9:55  Overlord  
  60  10:04  Zergling x2  
  60  10:05  Zergling x10  
  65  10:16  Zergling x4  
  65  10:17  Zergling x8  
  71  10:23  Zergling x6  
  71  10:24  Spine Crawler  
  72  10:32  Zergling x4  
  69  10:39  Zergling x4  
  59  10:48  Zergling x4  
  59  10:49  Zergling x4  
  58  10:58  Drone  
  58  11:01  Queen  
  58  11:02  Overlord  
  61  11:04  Hatchery  
  61  11:05  Zergling x2  
  61  11:13  Zergling x2  
  62  11:19  Zergling x4  
  62  11:22  Ultralisk Cavern  
  56  11:29  Zerg Melee Weapons Level 3  
  56  11:30  Zergling x10  
  61  11:39  Drone  
  63  11:40  Drone  
  63  11:42  Drone  
  64  11:50  Zergling x2  
  64  11:54  Zergling x2  
  66  11:55  Zerg Ground Armor Level 3  
  66  11:58  Zergling x4  
  68  12:05  Zergling x4  
  55  12:10  Zergling x2  
  55  12:14  Zergling x2  
  56  12:21  Zergling x4  
  56  12:22  Zergling x4  
  59  12:29  Zergling x2  
  61  12:30  Zergling x6  
  61  12:34  Zergling x2  
  64  12:42  Ultralisk  
  70  12:44  Ultralisk  
  70  12:47  Zergling x4  
  78  12:52  Chitinous Plating  
  76  13:00  Zergling x4  
  76  13:01  Zergling x2  
  76  13:04  Zergling x2  
  67  13:06  Zergling x4  
  67  13:08  Zergling x2  
  68  13:17  Zergling x4  
  70  13:32  Hatchery  
  69  13:42  Drone x4  
  69  13:43  Drone  
  69  13:48  Zergling x8  
  78  13:49  Zergling x2  
  79  13:57  Spore Crawler  
  79  13:58  Spore Crawler  
  77  14:09  Zergling x8  
  73  14:17  Zergling x6  
  59  14:34  Infestor x3  
  64  14:51  Spore Crawler x2  
  59  14:55  Spore Crawler  
  56  15:05  Infestor x3  
  62  15:10  Drone x2  
  64  15:22  Zergling x2  
  64  15:23  Zergling x4  
  64  15:24  Baneling x2  
  67  15:32  Spore Crawler  
  66  15:41  Infestor x3  
  72  15:48  Zergling x4  
  72  15:49  Zergling x4  
  73  16:13  Drone  
  74  16:27  Viper  
  74  16:28  Overlord  
  74  16:32  Drone x2  
  77  16:33  Drone x5, Spawning Pool  
  75  16:41  Baneling x3  
  53  17:20  Zergling x12  
  53  17:27  Hatchery  
  53  17:29  Queen  
  46  17:31  Spawning Pool  
  46  17:32  Spine Crawler  
  46  17:35  Spine Crawler x2, Zergling x4  
  46  17:36  Spine Crawler  
  33  17:43  Zergling x4  
  29  17:51  Spawning Pool  
  27  17:57  Drone  
  28  17:59  Baneling x2  
  28  18:00  Zergling x2  
  28  18:04  Drone  
  30  18:07  Queen, Extractor  
  30  18:09  Zergling x2  
  32  18:16  Zergling x4  
  34  18:25  Zergling x4  
  35  18:39  Zergling x8  
  39  18:41  Zergling x2  
  39  18:47  Zergling x2  
  40  18:53  Queen  
  40  18:54  Zergling x2  
  42  19:00  Zergling x2  
  42  19:01  Zergling x2  
  42  19:04  Baneling x2  
  42  19:05  Baneling  
  42  19:08  Zergling x2  
  42  19:11  Zergling x2  
  43  19:22  Zergling x4  
  40  19:31  Lair  
  40  19:32  Zergling x4  
  40  19:36  Drone x3  
  45  19:43  Baneling x2  
  45  19:45  Zergling x4  
  47  19:50  Zergling x4  
  47  20:07  Drone x3  
  48  20:08  Drone  
  50  20:16  Spore Crawler  
  50  20:17  Spore Crawler  
  48  20:35  Hydralisk Den  
  48  20:50  Spore Crawler, Zergling x12  
  48  20:51  Zergling x8  
  56  21:01  Zergling x4  
  46  21:33  Spore Crawler  
  46  21:36  Drone, Zergling x4  
  46  21:37  Spore Crawler  
  46  21:39  Spore Crawler  
  37  21:47  Drone x4  
  37  21:48  Spore Crawler, Queen  
  42  21:59  Zergling x6  
  45  22:02  Spore Crawler  
  42  22:19  Zergling x2  
  42  22:20  Zergling x4  
  33  22:26  Hydralisk  
  24  22:33  Zergling x4  
  9  22:59  Zergling x4  
Show
View Real Time Build Order
Export as new Build Order

Kimo Zerg - Winner!

Build Orders: Pool First, Zergling Baneling 

Get SALT Encoding   

  12  0:01  Drone  
  13  0:08  Drone  
  14  0:26  Spawning Pool  
  13  0:29  Extractor  
  13  0:31  Drone  
  13  0:40  Overlord  
  13  0:45  Drone  
  14  0:58  Drone  
  14  0:59  Drone  
  16  1:12  Queen  
  16  1:14  Zergling x2  
  16  1:17  Drone  
  20  1:28  Drone  
  20  1:32  Metabolic Boost  
  21  1:37  Zergling x2  
  22  1:55  Baneling Nest, Zergling x2  
  22  1:58  Overlord  
  22  2:11  Overlord  
  22  2:23  Zergling x2  
  22  2:24  Zergling x6  
  26  2:35  Zergling x2  
  27  2:39  Baneling x2  
  27  2:44  Baneling x2  
  27  2:46  Zergling x2  
  28  2:56  Baneling  
  28  2:58  Zergling x2  
  26  3:22  Zergling x2  
  26  3:23  Zergling x4  
  26  3:26  Baneling x2  
  29  3:32  Hatchery  
  27  3:40  Zergling x2  
  27  3:43  Baneling x2  
  27  3:44  Queen  
  28  4:00  Zergling x2  
  28  4:01  Zergling x6  
  28  4:10  Zergling x2  
  28  4:13  Baneling x2  
  29  4:17  Zergling x2  
  29  4:21  Baneling x2  
  30  4:27  Drone x3  
  30  4:30  Baneling  
  33  4:37  Roach Warren  
  32  4:40  Drone  
  32  4:45  Drone  
  32  4:46  Drone  
  33  4:57  Drone  
  33  4:58  Drone x3  
  37  5:08  Lair  
  37  5:13  Drone x2  
  39  5:16  Overlord  
  35  5:25  Zergling x4  
  33  5:36  Roach x4  
  33  5:41  Roach  
  45  5:50  Roach x3  
  48  6:03  Roach  
  50  6:05  Evolution Chamber  
  50  6:08  Extractor  
  50  6:09  Drone x4, Extractor  
  51  6:14  Overlord  
  50  6:24  Drone x2  
  52  6:33  Overseer  
  52  6:36  Drone  
  52  6:37  Drone x5  
  52  6:39  Ravager  
  59  6:46  Drone  
  60  6:49  Zerg Missile Weapons Level 1  
  60  7:01  Overlord x3  
  60  7:19  Ravager x3  
  63  7:23  Roach  
  63  7:24  Roach  
  67  7:34  Glial Reconstitution  
  67  7:41  Roach  
  67  7:42  Roach  
  71  7:57  Hatchery, Roach x2  
  74  7:58  Overlord x2  
  74  7:59  Overlord x3  
  74  8:09  Zergling x4  
  74  8:11  Overlord  
  76  8:23  Roach x2  
  76  8:24  Roach x4  
  75  8:39  Roach  
  75  8:40  Roach x5  
  66  8:59  Drone x3  
  66  9:00  Extractor  
  68  9:04  Zerg Missile Weapons Level 2  
  68  9:06  Roach x5  
  76  9:23  Drone  
  77  9:24  Drone x3  
  77  9:26  Spine Crawler  
  79  9:32  Spine Crawler  
  79  9:36  Drone x5  
  79  9:37  Drone  
  84  9:42  Spine Crawler  
  84  9:45  Ravager  
  84  9:46  Ravager x4  
  88  9:53  Ravager  
  88  9:55  Drone x4  
  88  9:56  Drone  
  94  10:00  Queen  
  96  10:10  Drone x4  
  100  10:17  Spire  
  97  10:42  Roach  
  83  10:43  Roach x11  
  93  10:56  Extractor  
  80  10:58  Roach x2  
  80  10:59  Roach x4  
  92  11:05  Extractor  
  92  11:06  Ravager  
  92  11:08  Drone  
  92  11:09  Drone x2  
  95  11:13  Queen  
  97  11:23  Zerg Ground Armor Level 1  
  97  11:27  Ravager x2  
  99  11:42  Zerg Flyer Weapons Level 1  
  99  11:47  Hatchery  
  99  11:53  Hatchery  
  97  11:54  Mutalisk x3  
  97  11:58  Mutalisk  
  99  12:17  Mutalisk x3  
  105  12:28  Mutalisk  
  105  12:29  Overlord  
  107  12:30  Overlord x2  
  107  12:31  Drone x3  
  107  12:32  Drone x8  
  107  12:33  Drone x3  
  107  12:34  Drone  
  122  12:41  Drone  
  122  12:42  Drone x3  
  126  12:49  Mutalisk  
  126  12:50  Mutalisk  
  110  13:06  Mutalisk  
  110  13:07  Mutalisk x4  
  120  13:15  Extractor  
  120  13:16  Extractor  
  110  13:24  Extractor  
  104  13:27  Drone  
  104  13:31  Extractor  
  104  13:32  Queen  
  108  13:39  Zergling x2  
  108  13:40  Zergling x32  
  125  13:43  Zerg Melee Weapons Level 1  
  125  13:55  Drone x4  
  127  13:56  Drone  
  127  14:01  Mutalisk  
  127  14:02  Mutalisk x3  
  113  14:37  Spine Crawler x2  
  111  14:40  Spine Crawler  
  111  14:41  Spine Crawler x2  
  106  14:46  Hatchery  
  106  14:47  Zergling x2  
  106  14:48  Zergling x28  
  113  15:08  Hatchery  
  112  15:16  Drone x3  
  112  15:21  Infestation Pit  
  114  15:25  Zergling x14  
  114  15:27  Baneling  
  114  15:28  Baneling x3  
  121  15:42  Zergling x2  
  122  15:43  Zergling x8  
  124  15:54  Zergling x6  
  125  16:17  Zergling x12  
  122  16:40  Spawning Pool  
  88  17:33  Spire  
  88  17:34  Spire  
  76  17:41  Drone x5  
  76  17:42  Drone x4  
  76  17:43  Queen  
  79  17:47  Drone  
  79  17:48  Drone x2  
  76  17:58  Zergling x2  
  76  17:59  Zergling x6  
  80  18:09  Spine Crawler  
  80  18:10  Spine Crawler  
  80  18:11  Zergling x4  
  80  18:12  Zergling x16  
  88  18:15  Spine Crawler  
  88  18:17  Hive  
  88  18:18  Zerg Melee Weapons Level 2  
  87  18:20  Centrifical Hooks  
  73  18:50  Zergling x16  
  73  18:51  Zergling x6  
  81  19:02  Mutalisk x14  
  83  19:03  Mutalisk x3  
  115  19:13  Baneling x6  
  115  19:14  Mutalisk x5  
  115  19:15  Mutalisk x3  
  106  19:36  Drone x12  
  118  19:45  Zergling x2  
  118  19:46  Zergling x8  
  123  19:56  Zergling x10  
  127  20:07  Zerg Flyer Weapons Level 2  
  127  20:08  Zerg Flyer Armor Level 1  
  127  20:20  Adrenal Glands  
  127  20:23  Spine Crawler  
  127  20:24  Spine Crawler x2  
  127  20:25  Spine Crawler  
  123  20:36  Zerg Ground Armor Level 2  
  123  20:54  Mutalisk x3  
  123  20:55  Mutalisk x3  
  126  21:09  Mutalisk  
  126  21:10  Mutalisk x6  
  103  21:28  Mutalisk  
  103  21:29  Mutalisk x4  
  90  22:01  Mutalisk x4  
  90  22:02  Mutalisk x4  
  90  22:03  Mutalisk  
  102  22:16  Zergling x2  
  102  22:17  Zergling x12  
  86  22:38  Spine Crawler  
  86  22:40  Spine Crawler x2  
  74  23:20  Zergling x2  
  74  23:21  Zergling x10  
  74  23:24  Spawning Pool  
  79  23:35  Baneling Nest  
Tags
 
Add a new tag
Caveats
  • Supply blocks, unpowered buildings, or Contaminate may cause inaccurate times.
  • Supply counts are checked every 10 seconds.